 Dungeon Crawl Stone Soup version 0.22.1-1-ga44c0e5 (webtiles) character file.

5548 kaesh the Cleaver (level 10, 0/91 HPs)
             Began as a Hill Orc Berserker on Oct 19, 2018.
             Was a High Priest of Trog.
             Killed by divine providence
             ... invoked by an orc priest
              (12 damage)
             ... on level 9 of the Dungeon.
             The game lasted 00:29:24 (10143 turns).

kaesh the Cleaver (Hill Orc Berserker)             Turns: 10143, Time: 00:29:24

Health: 0/91       AC: 15    Str: 24    XL:     10   Next: 71%
Magic:  10/10      EV: 10    Int: 10    God:    Trog [*****.]
Gold:   358        SH:  0    Dex: 14    Spells: 9/9 levels left

rFire    . . .     SeeInvis .   y - +2 hand axe (chop)
rCold    . . .     Gourm    .   (no shield)
rNeg     . . .     Faith    .   z - +2 chain mail {MR+}
rPois    .         Spirit   .   s - +2 hat
rElec    .         Reflect  .   (no cloak)
rCorr    .         Harm     .   (no gloves)
MR       +....                  (no boots)
Stlth    ..........             d - amulet of rage
HPRegen  0.25/turn              a - +2 ring of dexterity
MPRegen  0.12/turn              g - +3 ring of intelligence

@: lethally poisoned (0 -> 0), berserk cooldown, slowed, very slow
A: agile 1, MP-powered wands
a: Berserk, Trog's Hand, Brothers in Arms, Renounce Religion, Convert to Beogh,
Evoke Berserk Rage


You were on level 9 of the Dungeon.
You worshipped Trog.
Trog was extremely pleased with you.
You were near starving.

You visited 1 branch of the dungeon, and saw 9 of its levels.
You also visited: Ossuary.

You collected 358 gold pieces.

Inventory:

Hand Weapons
 m - a +1 hand axe of freezing
 v - a +0 broad axe of electrocution
 x - a +2 antimagic war axe
 y - a +2 hand axe of chopping (weapon)
Armour
 i - a +1 plate armour
 p - a +1 ring mail of fire resistance
 s - a +2 hat (worn)
 z - a +2 chain mail of magic resistance (worn)
Jewellery
 a - a +2 ring of dexterity (left hand)
 d - an amulet of rage (around neck)
 g - a +3 ring of intelligence (right hand)
Wands
 f - a wand of acid (7)
 q - a wand of polymorph (14)
Scrolls
 e - 7 scrolls of remove curse
 h - 13 scrolls of identify
 j - 5 scrolls of teleportation
 k - a scroll of fog
 l - a scroll of blinking
 n - a scroll of fear
 t - a scroll of immolation
Potions
 b - a potion of flight
 r - 3 potions of curing
 u - 3 potions of heal wounds
Comestibles
 c - 8 rations


   Skills:
 + Level 9.5 Fighting
 + Level 14.3 Axes
 + Level 8.8 Armour
 + Level 2.6 Dodging


You had 9 spell levels left.
You didn't know any spells.
Your spell library was empty.

Dungeon Overview and Level Annotations

Branches:
Dungeon (9/15)             Temple (0/1) D:7
   Lair: D:8-11         Orc: D:9-12

Altars:
Ashenzari
Dithmenos
Gozag
Hepliaklqana
Makhleb
Nemelex Xobeh
Wu Jian
Yredelemnul
The Shining One

Shops:
D:6 %


Innate Abilities, Weirdness & Mutations

You are agile. (Dex +2)
You expend magic power (3 MP) to strengthen your wands.


Message History

The orc priest is almost dead.
You slash the orc!
You kill the orc!
Trog accepts your kill. The orc priest barely misses you.
You closely miss the orc priest.
The orc priest is almost dead.
The orc priest barely misses you.
The orc priest shouts, "Beogh is our master!
Accept the truth or die!"
You hit the orc priest but do no damage.
The orc priest is almost dead.
The orc priest mumbles some strange prayers to Beogh against you.
Pain shoots through your body!
* * * LOW HITPOINT WARNING * * *
You closely miss the orc priest.
The orc priest is severely wounded.
You feel sick.
The orc priest calls down the wrath of Beogh upon you.
Beogh smites you!
You die...

#.############ #.#
#)#
#######)###########
.......)......?....
...................
#####..............
#..............
#......@)......
#.......o.!....
#..............
#..............
#..............
#..............
#..............
...............


You could see an orc priest.

Vanquished Creatures
  A two-headed ogre (D:9)
  Pikel (D:7)
  The ghost of imbaray the Covert, a novice SpEn (D:7)
  Prince Ribbit (D:7)
  A tarantella (shapeshifter) (D:8)
  Duvessa (D:4)
  An orc warrior (D:8)
  2 ice beasts
  A slave (D:7)
  5 phantoms
  2 sky beasts
  A necrophage (D:8)
  A black bear (D:8)
  3 ogres
  A crocodile (D:7)
  2 centaurs (D:8)
  An elf zombie (Ossuary)
  3 bullfrogs
  Dowan (D:4)
  2 scorpions
  3 howler monkeys
  2 crimson imps
  2 centaur zombies
  2 human zombies (Ossuary)
  A bullfrog zombie (D:8)
  8 orc priests
  5 hounds
  2 jellies
  7 orc wizards
  2 bullfrog skeletons
  A centaur skeleton (D:4)
  4 iguanas
  4 worker ants
  2 big kobold zombies (Ossuary)
  2 hound zombies
  2 mummies (Ossuary)
  A worker ant zombie (D:5)
  A howler monkey skeleton (D:7)
  6 gnolls (D:5)
  13 adders
  An ooze (D:1)
  2 adder zombies
  3 worms
  2 dart slugs (D:1)
  5 leopard geckos
  40 orcs
  2 bats (D:2)
  5 giant cockroaches
  9 hobgoblins
  6 jackals
  3 quokkas
  4 frilled lizards
  6 goblins
  11 hobgoblin zombies (Ossuary)
  A jackal zombie (Ossuary)
  10 kobolds
  11 kobold zombies (Ossuary)
  2 leopard gecko skeletons
  6 orc zombies (Ossuary)
  2 quokka zombies (D:6)
  7 rats
  A rat zombie (Ossuary)
241 creatures vanquished.

Vanquished Creatures (others)
  A worm (D:4)
  An orc (D:3)
2 creatures vanquished.

Grand Total: 243 creatures vanquished

Notes
Turn   | Place    | Note
-------+----------+-------------------------------------------
     0 | D:1      | kaesh the Hill Orc Berserker began the quest for the Orb.
     0 | D:1      | Reached XP level 1. HP: 19/19 MP: 1/1
   508 | D:1      | Reached XP level 2. HP: 16/27 MP: 2/2
  1032 | D:1      | Reached XP level 3. HP: 29/33 MP: 3/3
  1432 | D:2      | Reached ** piety under Trog
  1759 | D:2      | Reached skill level 5 in Axes
  2043 | D:2      | Reached XP level 4. HP: 35/41 MP: 4/4
  2898 | D:3      | Reached skill level 6 in Axes
  2898 | D:3      | Reached XP level 5. HP: 23/47 MP: 5/5
  3485 | D:3      | Noticed a sky beast
  3504 | D:3      | Killed a sky beast
  3504 | D:3      | Reached skill level 7 in Axes
  3504 | D:3      | Reached XP level 6. HP: 49/55 MP: 6/6
  4087 | D:4      | Noticed a phantom
  4104 | D:4      | Killed a phantom
  4104 | D:4      | Reached skill level 5 in Fighting
  4104 | D:4      | Reached XP level 7. HP: 50/61 MP: 7/7
  4187 | D:4      | Reached skill level 8 in Axes
  4403 | D:4      | Found a glowing golden altar of the Shining One.
  4417 | D:4      | Found a basalt altar of Yredelemnul.
  4472 | D:4      | Found a sparkling altar of Nemelex Xobeh.
  4499 | D:4      | Reached *** piety under Trog
  4639 | D:4      | Reached skill level 5 in Armour
  4822 | D:4      | Reached skill level 9 in Axes
  4823 | D:4      | Reached XP level 8. HP: 42/70 MP: 8/8
  5056 | D:4      | Noticed Dowan
  5057 | D:4      | Noticed Duvessa
  5063 | D:4      | Killed Duvessa
  5073 | D:4      | Killed Dowan
  5326 | D:5      | Entered Level 5 of the Dungeon
  5465 | D:5      | Reached skill level 10 in Axes
  5518 | D:5      | Found a sand-covered staircase.
  5541 | Ossuary  | Entered an ossuary
  5678 | Ossuary  | Reached **** piety under Trog
  5758 | Ossuary  | Received a gift from Trog
  5950 | D:5      | Reached skill level 11 in Axes
  6172 | D:5      | Reached XP level 9. HP: 76/78 MP: 9/9
  7480 | D:6      | Reached skill level 12 in Axes
  7541 | D:6      | Found Goskeigu's Food Shop.
  7791 | D:6      | Found a hazy altar of Hepliaklqana.
  8429 | D:7      | Found an ornate altar of the Wu Jian Council.
  8535 | D:7      | Found a shattered altar of Ashenzari.
  8536 | D:7      | Found a burning altar of Makhleb.
  8538 | D:7      | Found a shadowy altar of Dithmenos.
  8540 | D:7      | Found an opulent altar of Gozag.
  8627 | D:7      | Found a staircase to the Ecumenical Temple.
  8629 | D:7      | Noticed Pikel
  8650 | D:7      | Killed Pikel
  8650 | D:7      | Reached skill level 13 in Axes
  8985 | D:7      | Gained mutation: You are agile. (Dex +2) [potion of
                  | mutation]
  8985 | D:7      | Gained mutation: You expend magic power (3 MP) to
                  | strengthen your wands. [potion of mutation]
  9108 | D:7      | Found a large runed door.
  9108 | D:7      | Found a large runed door.
  9109 | D:7      | Noticed imbaray's ghost (novice SpEn)
  9185 | D:7      | Killed imbaray's ghost
  9185 | D:7      | Reached XP level 10. HP: 90/90 MP: 10/10
  9295 | D:7      | Noticed Prince Ribbit
  9306 | D:7      | Killed Prince Ribbit
  9455 | D:8      | Reached ***** piety under Trog
 10082 | D:9      | Reached skill level 14 in Axes
 10088 | D:9      | Noticed a two-headed ogre
 10111 | D:9      | Killed a two-headed ogre
 10143 | D:9      | Killed from afar by an orc priest

Skill      XL: |  1  2  3  4  5  6  7  8  9 10 |
---------------+-------------------------------+-----
Fighting       | 4 5 6 8 9 |  9.5
Axes           | 5 6 7 9 11 13 14 | 14.3
Dodging        | 2 |  2.6
Armour         | 3 4 5 6 7 8 |  8.8

Action                   |  1- 3 |  4- 6 |  7- 9 | 10-12 || total
-------------------------+-------+-------+-------+-------++-------
Melee: Hand axe          |   152 |   157 |   523 |   163 ||   995
Invok: Berserk           |       |     2 |     4 |     2 ||     8
  Use: Potion            |     3 |     2 |     4 |       ||     9
       Scroll            |     1 |     5 |     5 |       ||    11
 Stab: Invisible         |       |       |     1 |       ||     1
  Eat: Chunk             |     4 |     4 |    13 |     5 ||    26
       Ration            |       |     1 |     2 |       ||     3
Armor: Animal skin       |    10 |       |       |       ||    10
       Plate armour      |    50 |    85 |   173 |       ||   308
       Chain mail        |       |       |    54 |    61 ||   115
       Ring mail         |       |       |       |     1 ||     1
Dodge: Dodged            |    65 |    39 |   130 |    54 ||   288
